 Dungeon Crawl Stone Soup version 0.30-a0-585-g93115170b9 (webtiles) character file.

Game seed: 9168518477149148147

236856 cforsyth the Wrestler (level 19, 0/185 HPs)
             Began as a Ghoul Monk on Jan 2, 2023.
             Was the Champion of Ru.
             Slain by a starcursed mass (9 damage)
             ... on level 2 of the Abyss.
             The game lasted 01:59:12 (45669 turns).

cforsyth the Wrestler (Ghoul Monk)                 Turns: 45669, Time: 01:59:13

Health: 0/185      AC: 26    Str: 21    XL:     19   Next: 22%
Magic:  18/18      EV: 16    Int:  5    God:    Ru [******]
Gold:   1626       SH: 14    Dex: 11    Spells: 18/18 levels left

rFire   + . .      SeeInvis .      - Unarmed
rCold   . . .      Faith    .    P - +2 kite shield {reflect}
rNeg    + + +      Spirit   .    r - +0 fire dragon scales
rPois   ∞          Reflect  +    k - +2 helmet
rElec   .          Harm     .    F - +2 cloak {Stlth+}
rCorr   .          Rampage  .    a - +2 pair of gloves
Will    +....                    z - +0 pair of boots
Stlth   +                        E - amulet of regeneration
HPRegen 0.00/turn                I - ring of protection from cold
MPRegen 0.16/turn                v - +5 ring of evasion

@: about to teleport, inhibited regen, hasted and slowed
A: claws 1, cold resistance 1, negative energy resistance 3, screaming 1,
inhibited regeneration, torment resistance 2, weak 1, inability to use devices,
hated by all, temperature sensitive, devour on kill
}: 2/15 runes: decaying, serpentine
a: Renounce Religion, Draw Out Power, Power Leap, Apocalypse


You were on level 2 of the Abyss.
You worshipped Ru.
Ru was exalted by your worship.
You visited 6 branches of the dungeon, and saw 31 of its levels.
You visited the Abyss 2 times.
You visited 1 bazaar.
You also visited: Bailey and Ice Cave.

You collected 3245 gold pieces.
You spent 1619 gold pieces at shops.

Inventory:

Hand Weapons
 H - the +9 morningstar of the Witching Gods {heavy, rF+}
   (You took it off Urug on level 5 of the Lair of Beasts)

   It deals dramatically more damage, but attacks with it are much slower.
   rF:        It protects you from fire.
Missiles
 o - 2 throwing nets (quivered)
Armour
 a - a +2 pair of gloves (worn)
 k - a +2 helmet (worn)
 r - +0 fire dragon scales (worn)
 z - a +0 pair of boots (worn)
 F - a +2 cloak of stealth (worn)
 P - a +2 kite shield of reflection (worn)
Jewellery
 m - the ring "Ozefapeg" {Dex+3 SInv}
   (You took it off Urug on level 5 of the Lair of Beasts)

   [ring of see invisible]

   Dex:       It affects your dexterity (+3).
   SInv:      It lets you see invisible.
 n - a +6 ring of strength
 v - a +5 ring of evasion (right hand)
 B - a ring of resist corrosion
 C - a +6 ring of strength
 E - an amulet of regeneration (around neck)
 I - a ring of protection from cold (left hand)
 K - the ring of Sexzoh {Contam Int+4 SInv}
   (You found it on level 1 of the Lair of Beasts)

   [ring of see invisible]

   Int:       It affects your intelligence (+4).
   SInv:      It lets you see invisible.
   Contam:    It causes magical contamination when unequipped.
 M - a ring of fire
 Q - an amulet of the acrobat
 R - a +6 ring of dexterity
Scrolls
 e - 5 scrolls of fear
 f - 15 scrolls of teleportation
 j - a scroll of immolation
 l - 7 scrolls of vulnerability
 p - 4 scrolls of amnesia
 s - 3 scrolls of fog
 x - 6 scrolls of enchant armour
 y - 3 scrolls of torment
 G - 3 scrolls of silence
 J - a scroll of magic mapping
 L - 2 scrolls of blinking
 O - a scroll of poison
Potions
 b - 2 potions of ambrosia
 d - 2 potions of cancellation
 h - 3 potions of resistance
 i - 6 potions of might
 q - 3 potions of invisibility
 t - 18 potions of curing
 u - 9 potions of brilliance
 w - 4 potions of magic
 A - 4 potions of flight
 D - a potion of heal wounds
 N - a potion of attraction


   Skills:
 - Level 20.0 Fighting
 + Level 15.6 Armour
 - Level 6.0 Dodging
 - Level 2.1 Stealth
 + Level 13.3 Shields
 + Level 21.6 Unarmed Combat


You had 18 spell levels left.
You didn't know any spells.
Your spell library contained the following spells:

 Spells                   Type           Power      Damage    Failure   Level
 Apportation              Tloc           0%         N/A       94%         1
 Foxfire                  Conj/Fire      0%         2x1d4     94%         1
 Magic Dart               Conj           0%         1d3       94%         1
 Necrotise                Necr           0%         1d4       94%         1
 Sandblast                Erth           0%         2d4       94%         1
 Shock                    Conj/Air       0%         1d3       94%         1
 Sting                    Tmut/Pois      0%         1d3       94%         1
 Ensorcelled Hibernation  Hex/Ice        0%         N/A       98%         2
 Passwall                 Tmut/Erth      0%         N/A       98%         2
 Poisonous Vapours        Pois/Air       0%         N/A       98%         2
 Searing Ray              Conj           0%         2d4       98%         2
 Gell's Gravitas          Tloc           0%         N/A       100%        3
 Hailstorm                Conj/Ice       0%         3d3       100%        3
 Ignite Poison            Fire/Tmut/Pois 0%         N/A       100%        3
 Kindle Blastsparks       Fire/Tloc/Air  0%         2d10      100%        3
 Lesser Beckoning         Tloc           0%         N/A       100%        3
 Mephitic Cloud           Conj/Pois/Air  0%         N/A       100%        3
 Stone Arrow              Conj/Erth      0%         3d7       100%        3
 Swiftness                Air            0%         N/A       100%        3
 Teleport Other           Tloc           0%         N/A       100%        3
 Vampiric Draining        Necr           0%         2d6       100%        3
 Airstrike                Air            0%         2d(0-16)  100%        4
 Anguish                  Hex/Necr       0%         N/A       100%        4
 Fulminant Prism          Conj/Hex       0%         3d5       100%        4
 Iskenderun's Mystic Bla  Conj/Tloc      0%         2d3       100%        4
 Olgreb's Toxic Radiance  Pois           0%         N/A       100%        4
 Passage of Golubria      Tloc           0%         N/A       100%        4
 Sticky Flame             Conj/Fire      0%         2d3       100%        4
 Agony                    Necr           0%         N/A       100%        5
 Fireball                 Conj/Fire      0%         3d3       100%        5
 Lee's Rapid Deconstruct  Erth           0%         3d4*      100%        5
 Silence                  Hex/Air        0%         N/A       100%        5
 Conjure Ball Lightning   Conj/Air       0%         3x3d7     100%        6
 Starburst                Conj/Fire      0%         6d3       100%        6
 Enfeeble                 Hex            0%         N/A       100%        7
 Discord                  Hex            0%         N/A       100%        8
 Disjunction              Tloc           0%         N/A       100%        8
 Ignition                 Fire           0%         3d3       100%        8
 Lehudib's Crystal Spear  Conj/Erth      0%         10d2      100%        8
 Summon Small Mammal      Summ           Unusable   N/A       N/A         1
 Call Imp                 Summ           Unusable   N/A       N/A         2
 Ice Form                 Ice/Tmut       Unusable   N/A       N/A         4
 Simulacrum               Ice/Necr       Unusable   N/A       N/A         6

Dungeon Overview and Level Annotations

Branches:
Dungeon (15/15)            Temple (1/1) D:6            Lair (5/5) D:11
  Swamp (4/4) Lair:2        Snake (4/4) Lair:3        Slime (0/5) Lair:5
    Orc (2/2) D:9             Elf (0/3) Orc:2        Vaults (0/5) D:14
 Depths (0/4) D:15         Bailey (visited)           IceCv (visited)

Altars:
Ashenzari
Cheibriados
Dithmenos
Gozag
Kikubaaqudgha
Makhleb
Nemelex Xobeh
Qazlal
Ru
Sif Muna
Trog
Uskayaw
Wu Jian
Xom

Shops:
D:2 [   D:7 !   D:9 [   Orc:1 ((:   Orc:2 ([*=   Snake:2 !

Annotations:
D:12 3 runed translucent doors, Wowumid's ghost, journeyman MfBe
D:14 Louise
D:15 Roxanne
Lair:5 1 runed translucent door
Orc:1 2 transporters


Innate Abilities, Weirdness & Mutations

You are immune to poison.
You have sharp fingernails.
Your flesh is cold resistant. (rC+)
You are immune to negative energy. (rN+++)
You occasionally shout uncontrollably at your foes.
You do not regenerate when monsters are visible.
You are immune to unholy pain and torment.
You are weak. (Str -2)
You cannot study or use magical devices.
You are hated by all.
You are sensitive to extremes of temperature. (rF-, rC-)
You thrive by killing the living.


Message History

You block the orange demon's attack. The orange demon closely misses you.
The starcursed mass touches you but does no damage.
A chaos spawn comes into view.
The starcursed mass barely misses you.
A deafening chorus of shrieks assaults your mind!
* * * LOW HITPOINT WARNING * * *
You block the large abomination's attack.
The raiju begins to attack, but is stunned by your conviction!
The orange demon stings you but does no damage.
The orange demon barely misses you.
The starcursed mass touches you but does no damage.
Unknown command.
You feel yourself speed up. The starcursed mass touches you!
* * * LOW HITPOINT WARNING * * *
The large abomination hits you but does no damage.
You block the starcursed mass's attack. The orange demon completely misses you.
You block the orange demon's attack.
A starcursed mass splits.
The starcursed mass touches you!
* * * LOW HITPOINT WARNING * * *
The large abomination hits you!!
* * * LOW HITPOINT WARNING * * *
The starcursed mass touches you.
* * * LOW HITPOINT WARNING * * *
The starcursed mass touches you.
* * * LOW HITPOINT WARNING * * *
The chaos spawn squeals angrily.
Unknown command.
Unknown command.
Unknown command.
Unknown command.
You feel much better.
The orange demon stings you but does no damage.
The orange demon stings you from afar!
* * * LOW HITPOINT WARNING * * *
You block the starcursed mass's attack. The large abomination hits you!
* * * LOW HITPOINT WARNING * * *
You focus your inner power and blind the large abomination in retribution!
The starcursed mass is stunned by your conviction and fails to attack.
The starcursed mass touches you!
You die...

X.. .....
# . X.
....... .
. ....h..
# ....
.....##.#
..
...4.4. .
.........
.
#.X4.....
.. ...
##X4.X...
.... #@X#
X.. .Z


#XXXX# . . ... ###X##x.. .. .. #..#...... . . ..††.###.#..... ..## ...... # .
.#. #. ..... #. . .. . #.. # . # ## # You could see 7 starcursed masses, 3
orange demons, 2 large abominations, a raiju (fleeing), a chaos spawn and a
small abomination.

Vanquished Creatures
  Mara (Swamp:4)
  Vashnia (Snake:4)
  Rupert (D:13)
  A tentacled starspawn (Abyss:2)
  Frances (Swamp:1)
  Agnes (D:14)
  2 fenstrider witches (Swamp:4)
  Kirke (Swamp:1)
  Donald (Swamp:2)
  15 nagarajas
  2 cacodemons (Abyss:2)
  A stone giant (Orc:2)
  6 very ugly things (Abyss:2)
  The ghost of bmack86 the Severer, a journeyman MiFi of Gozag (Lair:4)
  Nessos (Lair:3)
  8 eleionomae
  Azrael (D:15)
  9 bunyips
  2 ettins (Orc:1)
  Josephine (D:15)
  5 fire dragons
  The ghost of bmack86 the Cleaver, a journeyman MiFi of Okawaru (D:10)
  A shambling mangrove (Swamp:3)
  3 salamander tyrants
  An entropy weaver (shapeshifter) (D:15)
  20 hydras
  2 centaur warriors
  2 vault guards (D:14)
  A boulder beetle (Lair:3)
  An ogre mage (D:12)
  A spriggan air mage (Swamp:4)
  A catoblepas (Lair:4)
  A ghost crab (Swamp:3)
  11 anacondas
  10 alligators
  9 naga warriors
  A death knight (D:15)
  4 two-headed ogres
  2 tengu warriors
  24 naga sharpshooters
  2 shock serpents
  A thrashing horror (Abyss:2)
  Urug (Lair:5)
  A fire crab (Swamp:4)
  Amaemon (Lair:1)
  4 sixfirhies (Abyss:2)
  A skeletal warrior (D:15)
  3 salamander mystics
  7 goliath frogs
  7 naga ritualists
  11 swamp dragons
  2 death drakes (Swamp:3)
  A lindwurm (Swamp:4)
  2 wizards (D:14)
  4 spriggan druids
  A phantasmal warrior (D:15)
  2 deep elf pyromancers
  10 mana vipers
  2 necromancers
  2 stone giant zombies
  2 statues (D:12)
  An orc knight (Orc:1)
  An oklob plant (Lair:1)
  14 salamanders
  11 cyclopes
  4 manticores
  3 will-o-the-wisps
  9 ugly things
  3 ice statues (IceCv)
  6 guardian serpents
  A smoke demon (Abyss:2)
  41 black mambas
  8 naga magi
  11 elephants
  A stone giant skeleton (D:15)
  A moth of wrath (D:10)
  A molten gargoyle (Swamp:4)
  2 gargoyles
  Joseph (D:7)
  16 cane toads
  An orange demon (Lair:1)
  A torpor snail (Lair:5)
  A freezing wraith (IceCv)
  2 yaktaurs (D:14)
  2 rime drakes
  11 komodo dragons
  An efreet (D:11)
  An ancient zyme (Abyss:2)
  6 trolls
  A polar bear (Lair:2)
  A wind drake (shapeshifter) (D:12)
  2 hornets
  9 tyrant leeches
  A spriggan zombie (D:15)
  6 raiju (Abyss:2)
  22 blink frogs
  2 spriggans
  A centaur simulacrum (D:14)
  A spriggan skeleton (D:15)
  5 wraiths (D:15)
  A wyvern (Lair:1)
  2 dire elephant simulacra (IceCv)
  43 yaks
  4 fire elementals
  3 steam dragons
  A basilisk (Lair:4)
  A hog (Swamp:1)
  20 humans
  2 small abominations (Abyss:2)
  9 vampire mosquitoes
  A neqoxec (Abyss:2)
  18 swamp worms
  A warg (Orc:1)
  Menkaure (D:6)
  Edmund (D:6)
  2 death yak simulacra (IceCv)
  A large abomination (Abyss:2)
  25 nagas
  3 acid dragons
  8 water moccasins
  14 swamp drakes
  2 hell hounds (D:15)
  17 orc warriors
  4 sky beasts
  A black bear (D:11)
  4 ogres
  2 centaurs
  A phantom (D:6)
  14 wolves
  Blork the orc (D:6)
  2 kobold brigands
  14 bullfrogs
  4 scorpions
  2 gnoll sergeants
  5 wights (D:8)
  6 killer bees
  5 electric eels (Lair:4)
  A hound (D:7)
  A quasit (D:8)
  2 jellies
  11 orc priests
  14 starcursed masses (Abyss:2)
  Crazy Yiuf (D:6)
  16 orc wizards
  3 iguanas
  A hell rat (Lair:4)
  3 polar bear simulacra
  2 wolf simulacra (Lair:3)
  8 adders
  7 gnolls
  2 shadow imps
  3 white imps
  3 ufetubi
  4 worms
  47 orcs
  8 endoplasms
  2 giant cockroaches (D:3)
  14 goblins
  4 hobgoblins
  4 jackals (D:3)
  23 kobolds
  5 quokkas
  A ball python (D:2)
  4 bats
  2 frilled lizards
  A goblin skeleton (D:8)
  3 goblin zombies (D:8)
  2 hobgoblin zombies (D:8)
  A kobold skeleton (D:8)
  A kobold zombie (D:8)
  An orc skeleton (D:8)
  An orc zombie (D:8)
  5 rats
  14 briar patches (Lair:1)
  A bush (D:12)
  A lurking horror (Abyss:2)
909 creatures vanquished.

Vanquished Creatures (others)
  An ettin (Orc:1)
  2 hydras
  A boulder beetle (D:11)
  A naga warrior (Snake:3)
  A skeletal warrior (D:15)
  A lindwurm (Swamp:4)
  4 mana vipers (Snake:3)
  5 black mambas
  4 naga magi (Snake:3)
  A komodo dragon (Lair:2)
  3 bloated husks (Swamp:4)
  2 humans
  A vampire mosquito (D:11)
  5 nagas (Snake:3)
  2 swamp worms
  2 swamp drakes (Swamp:4)
  An orc warrior (D:10)
  A starcursed mass (Abyss:2)
  A goblin (D:8)
  A kobold (D:11)
  8 bushes
  9 foxfires
  36 fungi
  A lurking horror (Abyss:2)
  102 plants
  2 starspawn tentacles (Abyss:2)
  7 withered plants (D:15)
205 creatures vanquished.

Grand Total: 1114 creatures vanquished

Notes
Turn   | Place    | Note
-------+----------+-------------------------------------------
     0 | D:1      | cforsyth the Ghoul Monk began the quest for the Orb.
     0 | D:1      | Reached XP level 1. HP: 19/19 MP: 0/0
   159 | D:1      | Reached XP level 2. HP: 22/26 MP: 1/1
   199 | D:1      | Found a faded altar of an unknown god.
   923 | D:2      | Reached XP level 3. HP: 30/33 MP: 2/2
   940 | D:2      | Reached skill level 4 in Unarmed Combat
  1004 | D:2      | Found Faameemy's Armour Shop.
  1590 | D:3      | Reached XP level 4. HP: 23/41 MP: 3/3
  2304 | D:3      | Found an opulent altar of Gozag.
  2533 | D:4      | Noticed a scorpion
  2534 | D:4      | Noticed a scorpion
  2550 | D:4      | Killed a scorpion
  2551 | D:4      | Reached skill level 1 in Armour
  2551 | D:4      | Reached XP level 5. HP: 38/47 MP: 4/4
  2600 | D:4      | Reached skill level 5 in Fighting
  2600 | D:4      | Reached skill level 5 in Unarmed Combat
  2642 | D:4      | Reached XP level 6. HP: 56/56 MP: 5/5
  3107 | D:4      | Found a snail-covered altar of Cheibriados.
  3107 | D:4      | Found a bloodstained altar of Trog.
  3108 | D:4      | Found a sparkling altar of Nemelex Xobeh.
  3108 | D:4      | Found a burning altar of Makhleb.
  3154 | D:4      | Found a shimmering blue altar of Sif Muna.
  3294 | D:5      | Entered Level 5 of the Dungeon
  4283 | D:6      | Noticed Menkaure
  4283 | D:6      | Noticed a sky beast
  4283 | D:6      | Noticed an orc warrior
  4342 | D:6      | Noticed Blork the orc
  4352 | D:6      | Killed Blork the orc
  4353 | D:6      | Reached XP level 7. HP: 44/62 MP: 6/6
  4420 | D:6      | Found a staircase to the Ecumenical Temple.
  4428 | Temple   | Entered the Ecumenical Temple
  4437 | Temple   | Became a worshipper of Ru the Awakened
  4448 | D:6      | Gained mutation: You are sensitive to extremes of
                  | temperature. (rF-, rC-) [Ru sacrifice]
  4448 | D:6      | Reached * piety under Ru
  4448 | D:6      | Reached ** piety under Ru
  4464 | D:6      | Reached skill level 6 in Unarmed Combat
  5017 | D:6      | Reached XP level 8. HP: 71/71 MP: 7/7
  5098 | D:6      | Reached skill level 7 in Unarmed Combat
  5221 | D:6      | Found a runed translucent door.
  5222 | D:6      | Noticed Crazy Yiuf
  5448 | D:6      | Killed Menkaure
  5713 | D:6      | Noticed Edmund
  5724 | D:6      | Killed Edmund
  5953 | D:6      | Killed Crazy Yiuf
  5954 | D:6      | Reached skill level 5 in Armour
  6073 | D:7      | Found Mutuisol's Distillery.
  6462 | D:6      | Reached skill level 8 in Unarmed Combat
  6576 | D:6      | Reached XP level 9. HP: 62/81 MP: 8/8
  6847 | D:7      | Identified the +0 barding of the Onion {Str+7 Int-4 Stlth+}
  7163 | D:7      | Found a shadowy altar of Dithmenos.
  7353 | D:7      | Noticed Joseph
  7374 | D:7      | Killed Joseph
  7375 | D:7      | Reached skill level 1 in Shields
  7603 | D:8      | Reached skill level 9 in Unarmed Combat
  7666 | D:8      | Gained mutation: You cannot study or use magical devices.
                  | [Ru sacrifice]
  7666 | D:8      | Reached *** piety under Ru
  7666 | D:8      | Reached **** piety under Ru
  7666 | D:8      | Reached ***** piety under Ru
  7967 | D:8      | Found a flagged portal.
  7989 | Bailey   | Entered a bailey
  8043 | Bailey   | Noticed an orc warlord
  8147 | Bailey   | Found a runed translucent gate.
  8147 | Bailey   | Found a runed translucent gate.
  8147 | Bailey   | Found a runed translucent gate.
  8410 | Bailey   | Identified the +1 arbalest of Severance {drain, rN+}
  8802 | D:8      | Noticed a two-headed ogre
  8809 | D:8      | Killed a two-headed ogre
  8810 | D:8      | Reached XP level 10. HP: 82/91 MP: 9/9
  9202 | D:9      | Found a staircase to the Orcish Mines.
  9368 | D:9      | Identified the +4 broad axe "Hunuop" {speed, rPois rF+
                  | Stlth+}
  9742 | D:9      | Found Wetruttoi's Armour Shop.
  9859 | D:9      | Gained mutation: You occasionally shout uncontrollably at
                  | your foes. [Ru sacrifice]
  9914 | D:10     | Entered Level 10 of the Dungeon
 10615 | D:10     | You fall into a shaft and drop 2 floors!
 10626 | D:12     | Noticed a manticore
 10810 | D:12     | Killed a manticore
 10811 | D:12     | Reached skill level 10 in Fighting
 10811 | D:12     | Reached skill level 10 in Unarmed Combat
 11044 | D:11     | Noticed a tengu warrior
 11063 | D:11     | Killed a tengu warrior
 11205 | D:11     | Reached XP level 11. HP: 78/101 MP: 10/10
 11362 | D:11     | Reached skill level 5 in Shields
 11535 | D:10     | Found a transporter.
 11537 | D:10     | Found a transporter.
 11543 | D:10     | Found a bloodstained altar of Trog.
 11552 | D:10     | Noticed bmack86's ghost (journeyman MiFi)
 11552 | D:10     | Noticed a two-headed ogre
 11553 | D:10     | Noticed a moth of wrath
 11570 | D:10     | Noticed a tengu warrior
 11742 | D:11     | Noticed a two-headed ogre
 11756 | D:11     | Killed a two-headed ogre
 11948 | D:11     | Noticed a two-headed ogre
 11954 | D:11     | Killed a two-headed ogre
 11980 | D:11     | Found a staircase to the Lair.
 11990 | Lair:1   | Entered Level 1 of the Lair of Beasts
 12074 | Lair:1   | Reached skill level 11 in Unarmed Combat
 12223 | Lair:1   | Found a shimmering altar of Xom.
 12235 | Lair:1   | Noticed an oklob plant
 12257 | Lair:1   | Killed an oklob plant
 12269 | Lair:1   | Gained mutation: You are weak. (Str -2) [Ru sacrifice]
 12347 | Lair:1   | Noticed Amaemon
 12367 | Lair:1   | Killed Amaemon
 12757 | Lair:1   | Found a transporter.
 12786 | Lair:1   | Found a transporter.
 12864 | Lair:1   | Reached skill level 12 in Unarmed Combat
 13088 | Lair:2   | Reached XP level 12. HP: 82/112 MP: 11/11
 13512 | Lair:2   | Noticed an eight-headed hydra
 13518 | Lair:2   | Killed an eight-headed hydra
 14048 | Lair:2   | Reached skill level 10 in Armour
 14165 | Lair:2   | Noticed a seven-headed hydra
 14175 | Lair:2   | Killed a seven-headed hydra
 14186 | Lair:2   | Found a staircase to the Swamp.
 14350 | Lair:3   | Found a frozen archway.
 14380 | IceCv    | Entered an ice cave
 14381 | IceCv    | Reached skill level 13 in Unarmed Combat
 14381 | IceCv    | Reached XP level 13. HP: 122/123 MP: 12/12
 14972 | IceCv    | Gained mutation: You are hated by all. [Ru sacrifice]
 14972 | IceCv    | Reached ****** piety under Ru
 15086 | IceCv    | Identified the +0 robe of the Hippo {*Slow Fly Int+4}
 15143 | Lair:3   | Reached skill level 14 in Unarmed Combat
 15637 | Lair:3   | Found a staircase to the Snake Pit.
 15876 | Lair:3   | Noticed Nessos
 15898 | Lair:3   | Killed Nessos
 16446 | Lair:4   | Reached XP level 14. HP: 133/133 MP: 13/13
 17553 | Lair:5   | Entered Level 5 of the Lair of Beasts
 17686 | Lair:4   | Reached skill level 15 in Fighting
 17686 | Lair:4   | Reached skill level 15 in Unarmed Combat
 19281 | Lair:5   | Found a runed translucent gate.
 19281 | Lair:5   | Found a runed translucent gate.
 19282 | Lair:5   | Noticed bmack86's ghost (journeyman MiFi)
 19286 | Lair:5   | Found a runed translucent gate.
 19510 | Lair:5   | Identified the +9 morningstar of the Witching Gods {heavy,
                  | rF+}
 19510 | Lair:5   | Identified the ring "Ozefapeg" {Dex+3 SInv}
 19510 | Lair:5   | Noticed Urug
 19523 | Lair:5   | Found a runed translucent door.
 19545 | Lair:5   | Killed Urug
 19692 | Lair:5   | Found a staircase to the Slime Pits.
 20557 | D:12     | Found a runed translucent gate.
 20558 | D:12     | Found a runed translucent gate.
 20559 | D:12     | Found a runed translucent gate.
 20570 | D:12     | Noticed Wowumid's ghost (journeyman MfBe)
 21014 | D:12     | Identified the +1 leather armour of the Pleiades {rCorr
                  | Str+2}
 21341 | Orc:1    | Entered Level 1 of the Orcish Mines
 21341 | Orc:1    | Found Lonwotef's Self-Improvement Boutique.
 21406 | Orc:1    | Bought a manual of Fighting for 1200 gold pieces
 21512 | Orc:1    | Reached XP level 15. HP: 105/141 MP: 14/14
 21771 | Orc:1    | Found Zuxkawun's Weapon Emporium.
 21870 | Orc:1    | Found a transporter.
 21879 | Orc:1    | Found a transporter.
 22012 | Orc:1    | Found Keos's Weapon Shop.
 22218 | Orc:2    | Entered Level 2 of the Orcish Mines
 22343 | Orc:2    | Found Uptesty's Antique Armour Shoppe.
 22617 | Orc:2    | Found a staircase to the Elven Halls.
 23033 | Orc:2    | Reached skill level 16 in Unarmed Combat
 23333 | Orc:2    | Found Fyce's Jewellery Boutique.
 23426 | Orc:2    | Reached skill level 5 in Dodging
 23447 | Orc:2    | Found Canudu's General Store.
 23461 | Orc:2    | Found Veic's Antique Weapon Shop.
 25247 | D:14     | Noticed Rupert
 25424 | D:14     | Noticed Louise
 25948 | D:10     | Killed bmack86's ghost
 26283 | Lair:1   | Identified the ring of Sexzoh {Contam Int+4 SInv}
 26707 | Lair:4   | Killed bmack86's ghost
 26856 | Snake:1  | Entered Level 1 of the Snake Pit
 28872 | Snake:2  | Reached skill level 17 in Unarmed Combat
 29067 | Snake:2  | Reached XP level 16. HP: 156/157 MP: 15/15
 29132 | Snake:2  | Noticed a nagaraja
 29151 | Snake:2  | Killed a nagaraja
 29414 | Snake:2  | Found Qoemavu's Distillery.
 29941 | Snake:3  | Noticed a nagaraja
 29984 | Snake:3  | Killed a nagaraja
 30047 | Snake:3  | Found a flickering gateway to a bazaar.
 30070 | Bazaar   | Entered a bazaar
 30125 | Bazaar   | Found Oricap's Antique Armour Shop.
 30145 | Bazaar   | Found Ileshun's Book Shop.
 30173 | Bazaar   | Bought a runed cloak for 247 gold pieces
 30749 | Snake:3  | Noticed a nagaraja
 30786 | Snake:3  | Killed a nagaraja
 31310 | Snake:3  | Found a shimmering altar of Xom.
 31571 | Swamp:1  | Entered Level 1 of the Swamp
 31694 | Lair:2   | Reached skill level 18 in Unarmed Combat
 31762 | Lair:2   | Reached skill level 10 in Shields
 32557 | Swamp:1  | Noticed Frances
 32904 | Swamp:1  | Killed Frances
 33324 | Swamp:2  | Noticed Kirke
 33345 | Swamp:1  | Reached XP level 17. HP: 52/170 MP: 13/16
 33469 | Swamp:1  | Killed Kirke
 33544 | Swamp:2  | Reached skill level 19 in Unarmed Combat
 33817 | Swamp:2  | Noticed Donald
 33833 | Swamp:2  | Killed Donald
 35123 | Swamp:4  | Entered Level 4 of the Swamp
 36074 | Swamp:4  | Noticed Mara
 36082 | Swamp:4  | Noticed cforsyth's illusion
 36260 | Swamp:4  | Noticed cforsyth's illusion
 36516 | Swamp:4  | Noticed cforsyth's illusion
 36552 | Swamp:4  | Killed Mara
 37061 | Swamp:4  | Reached skill level 20 in Unarmed Combat
 37874 | Swamp:4  | Got a decaying rune of Zot
 38131 | Orc:2    | Bought a pair of embroidered gloves for 172 gold pieces
 38344 | Snake:4  | Entered Level 4 of the Snake Pit
 39174 | Snake:4  | Noticed Vashnia
 39213 | Snake:4  | Reached XP level 18. HP: 178/178 MP: 17/17
 39225 | Snake:4  | Killed Vashnia
 39350 | Snake:4  | Identified the +2 long sword "Fanusick" {freeze, Int+5}
 41552 | Snake:4  | Reached skill level 21 in Unarmed Combat
 41556 | Snake:4  | Got a serpentine rune of Zot
 41800 | Abyss:2  | Found an iron altar of Okawaru.
 41800 | Abyss:2  | Found a corrupted altar of Lugonu.
 41800 | Abyss:2  | Cast into level 2 of the Abyss (Louise)
 41921 | Abyss:2  | Reached skill level 15 in Armour
 41989 | D:14     | Escaped the Abyss
 42178 | D:13     | Killed Rupert
 42403 | D:15     | Entered Level 15 of the Dungeon
 42923 | D:15     | Noticed Josephine
 42923 | D:15     | Found a staircase to the Depths.
 42929 | D:15     | Killed Josephine
 43042 | D:15     | Noticed Azrael
 43071 | D:15     | Killed Azrael
 43146 | D:15     | Noticed Roxanne
 44246 | D:14     | Reached XP level 19. HP: 185/185 MP: 18/18
 44274 | D:14     | Noticed Agnes
 44447 | D:14     | Killed Agnes
 44580 | D:14     | Found a gate to the Vaults.
 45400 | Abyss:2  | Cast into level 2 of the Abyss (Louise)
 45404 | Abyss:2  | Found a corrupted altar of Lugonu.
 45651 | Abyss:2  | Paralysed by accursed screaming for 1 turns
 45668 | Abyss:2  | HP: 8/185 [starcursed mass (3)]
 45669 | Abyss:2  | Slain by a starcursed mass

Illustrated notes

Levels and vault maps discovered:
D:1:      heliophobic_arrival_glass_houses, layout_loops_ring,
          chequers_ecumenical_altar_simple_redux
D:2:      layout_loops_ring, serial_shops, shop
D:3:      layout_basic, nicolae_gozag_cash_rules_everything_around_me
D:4:      layout_basic, mainiacjoe_overflow_alcove_2,
          chequers_temple_overflow_statue_of_worship
D:5:      layout_cave_pools
D:6:      layout_gridville, minmay_temple_entry_glassed_door,
          kennysheep_generic_room_15, uniq_crazy_yiuf_cottage, uniq_edmund,
          uniq_menkaure, uniq_blork_the_orc
D:7:      layout_cave_pods, nicolae_dithmenos_the_darkroom, serial_shops, shop,
          minivault_22, minmay_misc_feat_rows, uniq_joseph
D:8:      layout_loops_ring, nicolae_tso_besieged_by_evil, enter_bailey_5,
          nicolae_elevator_lobby_asterisk
D:9:      layout_irregular_city, orc_0_dummy, serial_shops, kennysheep_mini
D:10:     layout_irregular_city, gammafunk_ghost_wrathful_warriors,
          kennysheep_flooded_box
D:11:     layout_cave_pools, grunt_lair_entry_orc_guard_hut
D:12:     layout_cave_pools, gammafunk_ghost_split, minmay_dual_archer_statues
D:13:     minmay_isolated_rectangles_in_corner, layout_basic
D:14:     layout_layer_cave, grunt_vaults_entry_tiered,
          chequers_serial_rivers_room_a, uniq_agnes, uniq_rupert, uniq_louise
D:15:     gammafunk_depths_entry_grave, layout_stronghold,
          wad_floor_pattern_untrapped, uniq_josephine, uniq_roxanne, uniq_azrael
Temple:   nicolae_temple_ecumenical_triangle
Lair:1:   gammafunk_worm_tunnel, layout_chaotic_city, basic_altar, uniq_amaemon
Lair:2:   layout_regular_city, palyth_hydra_swamp_entry
Lair:3:   layout_chaotic_city, minmay_snake_entry_guardpost_small,
          portal_ice_cave_entry_ice_simulacra, uniq_nessos
Lair:4:   nzn_winding_woodlands_small [nzn_winding_woodlands_5x15_cabin,
          nzn_winding_woodlands_center_lodge,
          nzn_winding_woodlands_5x15_lazy_stream], layout_regular_city,
          minivault_26, serial_bayou_lake_a
Lair:5:   minmay_lair_end_frog_pond, layout_misc_corridors, slime_entry_2,
          gammafunk_ghost_split, uniq_urug
Swamp:1:  layout_falls_marsh, nicolae_swamp_ascending_descending, uniq_frances
Swamp:2:  layout_basic_swamp, serial_swamp_ruin, evilmike_swamp_ruin_house_1,
          hangedman_swamp_ruin_hall, evilmike_swamp_ruin_rubble_1, uniq_kirke,
          uniq_donald
Swamp:3:  layout_basic_swamp, nicolae_swamp_bean_lake, swamp_pool5,
          infiniplex_staircase_pool
Swamp:4:  swamp_fiery, layout_basic_swamp, infiniplex_staircase_pool_2,
          uniq_mara
Snake:1:  layout_chambers
Snake:2:  layout_misc_corridors, serial_shops, shop,
          nicolae_snake_guarding_the_ruins, serial_bayou_shore_b
Snake:3:  layout_cave_town, basic_altar, serial_shops, freezing_bzr,
          st_stairs_11, grunt_ministairs_6, hangedman_snake_thin_pillar_pass
Snake:4:  grunt_snake_rune_spirals, layout_onion_interference,
          lemuel_fruit_tree, uniq_vashnia
Orc:1:    emtedronai_trogs_sanctum, layout_caves, serial_shops,
          nicolae_shop_advertising_works [nicolae_subvault_shop_adworks],
          nicolae_shop_statue_plus, nicolae_shop_self_help
Orc:2:    grunt_orc_gardens, layout_caves, grunt_orc_garden, grunt_orc_garden,
          grunt_orc_garden, grunt_orc_garden, basic_altar,
          nicolae_orc_tapped_out
Abyss:2:  base: Temple, base: Snake:3, base: D:15, base: Orc:2, minivault_11

Skill      XL: |  1  2  3  4  5  6  7  8  9 10 11 12 13 14 15 16 17 18 |
---------------+-------------------------------------------------------+-----
Unarmed Combat | 4 5 6 8 9 10 12 13 14 15 17 18 20 21 | 21.6
Fighting       | 4 5 6 7 9 10 12 13 14 15 17 20 | 20.0
Armour         | 1 2 4 5 6 7 9 11 12 13 14 15 | 15.6
Shields        | 3 4 5 6 8 10 11 13 | 13.3
Dodging        | 4 6 |  6.0
Stealth        | |  2.1

Action                   |  1- 3 |  4- 6 |  7- 9 | 10-12 | 13-15 | 16-18 | 19-21 || total
-------------------------+-------+-------+-------+-------+-------+-------+-------++-------
Melee: Unarmed           |   125 |   183 |   331 |   534 |  1361 |  1876 |   231 ||  4641
       Punch             |     3 |     4 |    11 |       |       |       |       ||    18
Invok: Sacrifice Resista |       |       |     1 |       |       |       |       ||     1
       Sacrifice Artific |       |       |     1 |       |       |       |       ||     1
       Sacrifice Purity  |       |       |       |     2 |       |       |       ||     2
       Power Leap        |       |       |       |     1 |       |     2 |       ||     3
       Sacrifice Love    |       |       |       |       |     1 |       |       ||     1
       Apocalypse        |       |       |       |       |     1 |     1 |       ||     2
  Use: Scroll            |       |       |     9 |    15 |     7 |     4 |     4 ||    39
       Potion            |       |       |       |     4 |     3 |     7 |     4 ||    18
 Stab: Sleeping          |     5 |       |       |       |       |       |       ||     5
       Distracted        |       |       |     1 |     6 |     4 |     5 |     2 ||    18
       Invisible         |       |       |       |     2 |    12 |    17 |       ||    31
       Paralysed         |       |       |       |     1 |     9 |    11 |     1 ||    22
Armor: Robe              |    26 |    10 |       |       |       |       |       ||    36
       Ring mail         |       |    37 |       |       |       |       |       ||    37
       Chain mail        |       |    19 |    74 |       |       |       |       ||    93
       Plate armour      |       |       |   126 |   287 |   388 |       |       ||   801
       Fire dragon scale |       |       |       |       |   137 |   534 |    84 ||   755
Dodge: Dodged            |    62 |    87 |   119 |   198 |   541 |   640 |   146 ||  1793
Block: Buckler           |       |       |    17 |   106 |    80 |       |       ||   203
       Kite shield       |       |       |       |       |   373 |   840 |   156 ||  1369
       Reflection        |       |       |       |       |       |    54 |     6 ||    60

Table legend: (Time is in decaauts)
 A = Elapsed time spent in this place.
 B = Non-inter-level travel time spent in this place.
 C = Inter-level travel time spent in this place.
 D = Time resting spent in this place.
 E = Time spent auto-exploring this place.
 F = Levels seen in this place.
 G = Mean time per level.
                   A        B        C        D        E       F      G
               +--------+--------+--------+--------+--------+-----+--------+
         Total |  45263 |  42567 |   2696 |  11640 |  19772 |  36 | 1257.3 |
       Dungeon |  18381 |  17165 |   1216 |   3781 |   9851 |  15 | 1225.4 |
        Temple |     18 |     10 |      8 |      0 |      0 |   1 |   18.0 |
          Lair |   8857 |   8061 |    796 |   2473 |   3503 |   5 | 1771.4 |
         Swamp |   5793 |   5625 |    168 |   2089 |   1736 |   4 | 1448.2 |
     Snake Pit |   7703 |   7337 |    366 |   1586 |   3298 |   4 | 1925.8 |
  Orcish Mines |   2798 |   2657 |    141 |   1018 |   1050 |   2 | 1399.0 |
         Abyss |    392 |    392 |      0 |    112 |     67 |   2 |  196.0 |
        Bazaar |    121 |    121 |      0 |      0 |     77 |   1 |  121.0 |
        Bailey |    465 |    465 |      0 |     55 |    188 |   1 |  465.0 |
      Ice Cave |    729 |    729 |      0 |    525 |      0 |   1 |  729.0 |
               +--------+--------+--------+--------+--------+-----+--------+

Top non-repeatable levels by time:
 Snake:4: 3185 daAuts
  Lair:4: 2431 daAuts
 Swamp:4: 2332 daAuts
  Lair:2: 2134 daAuts
    D:10: 1994 daAuts
 Snake:1: 1961 daAuts
     D:6: 1822 daAuts
   Orc:1: 1765 daAuts
    D:15: 1629 daAuts
  Lair:5: 1573 daAuts
    D:14: 1519 daAuts
  Lair:1: 1454 daAuts
 Snake:3: 1444 daAuts
 Swamp:3: 1353 daAuts
    D:11: 1292 daAuts
